 Dungeon Crawl Stone Soup version 0.19.1-1-g22dce08 (webtiles) character file.

2366 theAP the Basher (level 9, -2/57 HPs)
             Began as a Gargoyle Berserker on Jan 2, 2017.
             Was an Elder of Trog.
             Slain by an orc warrior
             ... wielding a +0 glaive
              (14 damage)
             ... on level 7 of the Dungeon.
             The game lasted 00:20:43 (6291 turns).

theAP the Basher (Gargoyle Berserker)               Turns: 6291, Time: 00:20:44

Health: -2/57      AC: 24    Str: 24    XL:     9   Next: 44%
Magic:  9/9        EV:  7    Int: 11    God:    Trog [****..]
Gold:   419        SH:  0    Dex:  9    Spells: 0 memorised, 8 levels left

rFire  . . .     SeeInvis .     a - +0 mace
rCold  . . .     Gourm    .     b - +0 plate armour
rNeg   + . .     Faith    .     (no shield)
rPois  ∞         Spirit   .     (no helmet)
rElec  +         Reflect  .     g - +2 cloak
rCorr  .         Harm     .     k - +1 pair of gloves
MR     .....                    (no boots)
Stlth  ..........               j - amulet of magic regeneration
                                s - +3 ring of protection
                                d - +3 ring of intelligence

@: no status effects
A: negative energy resistance 1, electricity resistance, unbreathing,
petrification resistance, rot immunity, AC +5
a: Berserk, Trog's Hand, Brothers in Arms, Burn Spellbooks, Renounce Religion


You were on level 7 of the Dungeon.
You worshipped Trog.
Trog was greatly pleased with you.
You were not hungry.

You visited 2 branches of the dungeon, and saw 8 of its levels.

You collected 419 gold pieces.

Inventory:

Hand Weapons
 a - a +0 mace (weapon)
Armour
 b - a +0 plate armour (worn)
 g - a +2 cloak (worn)
 k - a +1 pair of gloves (worn)
Jewellery
 d - a +3 ring of intelligence (left hand)
 j - an amulet of magic regeneration (around neck)
 s - a +3 ring of protection (right hand)
Wands
 m - a wand of confusion (24/48)
 w - a wand of polymorph (8/24)
 E - a wand of slowing (31/48)
 G - a wand of digging (20/24)
 L - a wand of random effects (14/48)
Scrolls
 n - a scroll of enchant weapon
 o - a scroll of fear {unknown}
 p - a scroll of random uselessness {unknown}
 r - 2 scrolls of amnesia {unknown}
 x - a scroll of noise {unknown}
 y - 2 scrolls of recharging {unknown}
 I - a scroll of teleportation {unknown}
 K - a scroll of acquirement {unknown}
Potions
 e - 2 potions of brilliance
 f - 2 potions of cure mutation
 l - a potion of heal wounds
 q - a potion of magic
 t - a potion of curing
 v - a potion of invisibility
 z - a potion of resistance {unknown}
 A - 3 potions of lignification
 B - a potion of degeneration {unknown}
 F - 2 potions of berserk rage {unknown}
Comestibles
 c - 5 bread rations
 i - 4 meat rations
 u - 2 slices of pizza
 C - 2 beef jerkies


   Skills:
 + Level 7.1 Fighting
 + Level 11.1 Maces & Flails
 - Level 2.1 Armour
 - Level 1.6 Dodging
 - Level 1.0 Stealth
 - Level 0.8 Unarmed Combat


You had 8 spell levels left.
You didn't know any spells.

Dungeon Overview and Level Annotations

Branches:
Dungeon (7/15)             Temple (1/1) D:6

Altars:
Ashenzari
Cheibriados
Dithmenos
Elyvilon
Fedhas
Gozag
Hepliaklqana
Kikubaaqudgha
Nemelex Xobeh
Okawaru
Qazlal
Ru
Sif Muna
Trog
Uskayaw
Vehumet
Xom
Yredelemnul
The Shining One


Innate Abilities, Weirdness & Mutations

You are resistant to torment.
Your stone body is resilient. (AC +5)
You are immune to poison.
You resist negative energy. (rN+)
You are resistant to electric shocks. (rElec)
You can survive without breathing.
You are immune to petrification.
You are immune to rotting.


Message History

You are too injured to fight recklessly!
You are too injured to fight recklessly!
You are too injured to fight recklessly!
You are too injured to fight recklessly!
You sock the orc warrior!
The orc warrior is moderately wounded.
The orc warrior hits you with a glaive.
* * * LOW HITPOINT WARNING * * *
You hit the orc warrior.
The orc warrior is heavily wounded.
You feel better. The orc warrior hits you with a glaive!
* * * LOW HITPOINT WARNING * * *
You feel better.
The orc warrior hits you but does no damage.
You completely miss the orc warrior.
The orc warrior is heavily wounded.
You closely miss the orc warrior.
The orc warrior is heavily wounded.
The orc warrior hits you with a glaive!
You die...

#>.#...#.##...............#
##.#
#..#####.#####<####......##
#.## #..# #.# #.##.#.# #.#
#..# (.. ..# .#.# #)## ..#
##.# #### .#.####>.# #.#
.#........ #.# #####....
...###.####### # #...#
#.....@)....#.######..#
......o####............#
####### #.########.... #.#
#.#.# #.# #.#.# ########.##
#.#.. ..........# #.###
########..# #.# # #..# #.#
#


You could see an orc warrior.

Vanquished Creatures
  A troll (D:6)
  Menkaure (D:6)
  2 water moccasins (D:6)
  Duvessa (D:7)
  3 ice beasts
  3 ogres
  Blork the orc (D:4)
  A bullfrog (D:6)
  Dowan (D:7)
  A scorpion (D:4)
  2 howler monkeys
  A centaur zombie (D:7)
  A hound (D:5)
  An orc priest (D:5)
  A centaur skeleton (D:4)
  2 iguanas
  8 orc wizards
  7 worker ants
  2 hound skeletons
  9 gnolls (D:5)
  7 adders
  2 shadow imps
  3 oozes
  3 worms
  A dart slug (D:1)
  5 leopard geckos
  16 orcs
  A ball python (D:5)
  9 giant cockroaches
  13 goblins
  6 hobgoblins
  7 jackals
  13 kobolds
  6 quokkas
  A ball python skeleton (D:4)
  4 bats
  2 frilled lizards
  8 rats
156 creatures vanquished.

Notes
Turn   | Place    | Note
-------+----------+-------------------------------------------
     0 | D:1      | theAP the Gargoyle Berserker began the quest for the Orb.
     0 | D:1      | Reached XP level 1. HP: 14/14 MP: 1/1
    70 | D:1      | Reached XP level 2. HP: 19/19 MP: 2/2
   467 | D:1      | Reached XP level 3. HP: 18/24 MP: 3/3
   542 | D:1      | Reached ** piety under Trog
   821 | D:2      | Found a blossoming altar of Fedhas.
   914 | D:2      | Reached skill level 4 in Maces & Flails
   914 | D:2      | Reached XP level 4. HP: 29/29 MP: 4/4
  1596 | D:2      | Reached XP level 5. HP: 34/34 MP: 5/5
  1704 | D:3      | Reached *** piety under Trog
  1763 | D:3      | Reached skill level 5 in Maces & Flails
  2150 | D:3      | Found a hazy altar of Hepliaklqana.
  2543 | D:4      | Reached XP level 6. HP: 34/39 MP: 6/6
  2687 | D:4      | Reached skill level 6 in Maces & Flails
  2977 | D:4      | Noticed Blork the orc
  2996 | D:4      | Killed Blork the orc
  2996 | D:4      | Reached skill level 5 in Fighting
  3023 | D:4      | Reached XP level 7. HP: 41/44 MP: 7/7
  3040 | D:4      | Reached skill level 7 in Maces & Flails
  3563 | D:4      | Identified the Almanac of Earthen Transmigration
  3674 | D:5      | Entered Level 5 of the Dungeon
  3810 | D:5      | Reached skill level 8 in Maces & Flails
  3810 | D:5      | Reached skill level 1 in Stealth
  3897 | D:5      | Reached XP level 8. HP: 50/50 MP: 8/8
  3902 | D:5      | Reached **** piety under Trog
  4118 | D:5      | Found a snail-covered altar of Cheibriados.
  4432 | D:5      | Reached skill level 9 in Maces & Flails
  4607 | D:6      | Noticed Menkaure
  4613 | D:6      | Found a snail-covered altar of Cheibriados.
  4624 | D:6      | Killed Menkaure
  4799 | D:6      | Found a staircase to the Ecumenical Temple.
  4831 | D:6      | Reached skill level 10 in Maces & Flails
  4862 | D:6      | Reached XP level 9. HP: 17/56 MP: 9/9
  5196 | D:6      | Noticed a troll
  5213 | D:6      | Killed a troll
  5526 | Temple   | Entered the Ecumenical Temple
  6031 | D:7      | Noticed Duvessa
  6032 | D:7      | Noticed Dowan
  6050 | D:7      | Killed Dowan
  6054 | D:7      | Killed Duvessa
  6054 | D:7      | Reached skill level 11 in Maces & Flails
  6106 | D:7      | Found a stormy altar of Qazlal.
  6200 | D:7      | Found a radiant altar of Vehumet.
  6209 | D:7      | Found a shimmering altar of Xom.
  6286 | D:7      | HP: 2/57 [orc warrior/glaive (6)]
  6291 | D:7      | Slain by an orc warrior

Skill      XL: |  1  2  3  4  5  6  7  8  9 |
---------------+----------------------------+-----
Fighting       | 4 5 6 7 |  7.1
Maces & Flails | 4 5 6 8 10 11 | 11.1
Stealth        | 1 |  1.0
Armour         | |  2.1
Dodging        | |  1.6
Unarmed Combat | |  0.8

Action                   |  1- 3 |  4- 6 |  7- 9 || total
-------------------------+-------+-------+-------++-------
Melee: Mace              |   120 |   206 |   401 ||   727
       Unarmed           |       |     4 |       ||     4
       Punch             |       |       |     1 ||     1
Invok: Berserk           |       |     2 |     5 ||     7
       Burn Spellbooks   |       |       |     2 ||     2
  Use: Scroll            |     5 |     3 |     6 ||    14
       Potion            |       |       |     2 ||     2
  Eat: Chunk             |       |     9 |    16 ||    25
Armor: Animal skin       |    12 |       |       ||    12
       Ring mail         |    48 |   116 |   190 ||   354
       Plate armour      |       |       |    36 ||    36
Dodge: Dodged            |   105 |   137 |   200 ||   442
